 Dungeon Crawl Stone Soup version 0.25-a0-424-g80bd347ae0 (webtiles) character file.

Game seed: 6512372734442945284, levelgen mode: deterministic

1428 ChaosChampion the Sneak (level 8, -5/78 HPs)
             Began as an Octopode Transmuter on Jan 23, 2020.
             Was an Initiate of Cheibriados.
             Slain by a wight
             ... wielding a +4 short sword of freezing
              (8 damage)
             ... on level 7 of the Dungeon.
             The game lasted 00:21:31 (5812 turns).

ChaosChampion the Sneak (Octopode Transmuter)       Turns: 5812, Time: 00:21:32

Health: -5/78      AC: 24    Str: 11    XL:     8   Next: 72%
Magic:  11/14      EV:  2    Int: 20    God:    Cheibriados [......]
Gold:   210        SH:  0    Dex: 13    Spells: 4/15 levels left

rFire    + . .     SeeInvis .     - Unarmed
rCold    + . .     Gourm    .   (no shield)
rNeg     + + +     Faith    .   (helmet currently unavailable)
rPois    +         Spirit   .   (no amulet)
rElec    +         Reflect  .   s - ring of protection from magic
rCorr    +         Harm     .   w - +2 ring of intelligence
MR       +....     NoTele   +   (no ring)
Stlth    +++.......             (no ring)
HPRegen  0.23/turn              (no ring)
MPRegen  0.14/turn              (no ring)
                                (no ring)
                                (no ring)

@: tree-form, resistant, very slightly contaminated, heavily drained, very slow
A: almost no armour, stealthy swim, (amphibious), 8 rings, (constrict 8)
a: Bend Time, Renounce Religion


You were on level 7 of the Dungeon.
You worshipped Cheibriados.
Cheibriados was noncommittal.
You were not hungry.
You were a tree.
You visited 2 branches of the dungeon, and saw 8 of its levels.

You collected 210 gold pieces.

Inventory:

Hand Weapons
 h - a +4 short sword
 j - a +3 dagger of venom
 k - a +1 vorpal trident
Missiles
 a - 32 arrows
 n - 34 poisoned darts (quivered)
Jewellery
 s - a ring of protection from magic (left branch)
 w - a +2 ring of intelligence (right branch)
Wands
 y - a wand of iceblast (9)
Scrolls
 b - a scroll of teleportation
 e - 2 scrolls of random uselessness {unknown}
 g - 2 scrolls of fear
 o - a scroll of enchant weapon
 p - 2 scrolls of amnesia {unknown}
 r - a scroll of remove curse
 v - a scroll of noise {unknown}
 x - 3 scrolls of identify
Potions
 f - 2 potions of magic
 i - 2 potions of haste
 m - a potion of lignification
 u - a potion of brilliance {unknown}
Comestibles
 c - 4 rations


   Skills:
 + Level 3.3(2.1) Fighting
 + Level 3.9(2.6) Dodging
 * Level 6.4(5.1) Stealth
 + Level 5.3(4.0) Unarmed Combat
 + Level 4.1(2.8) Spellcasting
 + Level 4.3(3.0) Transmutations
 - Level 4.0(2.7) Poison Magic


You had 4 spell levels left.
You knew the following spells:

 Your Spells              Type           Power        Failure   Level  Hunger
a - Beastly Appendage     Tmut           ###...       4%          1    None
b - Sticks to Snakes      Tmut           ###.....     6%          2    ##.....
c - Spider Form           Tmut/Pois      ##........   13%         3    ###....
d - Blade Hands           Tmut           ###.......   75%         5    ######.

Your spell library contained the following spells:

 Spells                   Type           Power        Failure   Level  Hunger
 Ice Form                 Ice/Tmut       #.......     58%         4    ####...


Dungeon Overview and Level Annotations

Branches:
Dungeon (7/15)             Temple (1/1) D:7

Altars:
Ashenzari
Cheibriados
Dithmenos
Elyvilon
Gozag
Kikubaaqudgha
Makhleb
Nemelex Xobeh
Qazlal
Ru
Trog
Uskayaw
Vehumet
Xom
Zin
The Shining One

Portals:
Bailey: D:7


Innate Abilities, Weirdness & Mutations

You cannot wear most types of armour.
You are very stealthy in the water. (Stealth+)
((You are amphibious.))
You can wear up to eight rings at the same time.
((You can use your tentacles to constrict eight enemies at once.))
((Your skin changes colour to match your surroundings (Stealth+).))
((Your rubbery body absorbs attacks. (AC +1, EV +1)))


Message History

You create a snake!
You now have 33 arrows.
You are starving!
The wight hits you but does no damage.
Throwing (i - inventory)
n - 34 poisoned darts (quivered)
Press: ? - help, Shift-Dir - straight line
Okay, then.
You don't have the energy to cast that spell.
You don't have the energy to cast that spell.
It was a potion of flight.
Your roots keep you in place.
The wight hits you but does no damage.
Your ball python barely misses the wight. x2
You eat one of the 5 rations.
That ration really hit the spot!
You hear the quick creaking of a distant portcullis.
The wight hits you but does no damage.
Your ball python misses the wight.
Your ball python barely misses the wight.
Casting: Sticks to Snakes (safe; 6% risk of failure)
Confirm with . or Enter, or press ? or * to list all spells.
You create a snake!
You now have 32 arrows.
The wight hits you with a +4 short sword of freezing!
You die...

#.. ########## #.#
#........# #.#
#........#######.#
#........##.......
#§§§........####.#
#§○S.....#### #.#
#§§......# #.# #♣.......#
#†# #z.......# #.#
########.S...)..# #..
#..§§z§...........#####.#
#.###############...^...#
#.# ........# #z#
........# #.# ####
......... #.# #..
........#


You could see a wight and 2 friendly ball pythons.

Vanquished Creatures
  Menkaure (D:5)
  Edmund (D:5)
  A centaur (D:6)
  3 ogres
  2 bullfrogs
  A wight (D:7)
  A centaur zombie (D:5)
  A crimson imp (D:7)
  2 hounds (D:4)
  An orc priest (D:3)
  An orc wizard (D:3)
  A bullfrog skeleton (D:4)
  An iguana (D:4)
  8 worker ants
  2 gnolls (D:6)
  9 adders
  2 oozes
  2 worms
  An adder skeleton (D:4)
  A dart slug (D:1)
  8 leopard geckos
  13 orcs
  4 bats
  3 giant cockroaches
  5 goblins
  5 hobgoblins
  9 jackals
  4 quokkas
  A ball python (D:4)
  8 frilled lizards
  8 kobolds
  2 quokka skeletons
  6 rats
118 creatures vanquished.

Vanquished Creatures (collateral kills)
  An ogre (D:4)
  A wight (D:7)
  An adder (D:2)
  3 goblins (D:7)
  A frilled lizard (D:4)
7 creatures vanquished.

Vanquished Creatures (others)
  A wizard (D:3)
1 creature vanquished.

Grand Total: 126 creatures vanquished

Notes
Turn   | Place    | Note
-------+----------+-------------------------------------------
     0 | D:1      | ChaosChampion the Octopode Transmuter began the quest for
                  | the Orb.
     0 | D:1      | Reached XP level 1. HP: 13/13 MP: 3/3
    65 | D:1      | Reached XP level 2. HP: 18/18 MP: 3/5
   419 | D:1      | Reached XP level 3. HP: 12/23 MP: 4/6
   423 | D:1      | Learned a level 2 spell: Sticks to Snakes
   427 | D:1      | Learned a level 3 spell: Spider Form
   439 | D:1      | Reached skill level 1 in Stealth
  1140 | D:2      | Noticed a bullfrog
  1148 | D:2      | Killed a bullfrog
  1148 | D:2      | Reached skill level 2 in Stealth
  1148 | D:2      | Reached XP level 4. HP: 21/28 MP: 1/7
  1375 | D:2      | Found a white marble altar of Elyvilon.
  1493 | D:2      | Reached XP level 5. HP: 29/33 MP: 3/8
  2483 | D:3      | Reached skill level 3 in Stealth
  2483 | D:3      | Reached XP level 6. HP: 25/39 MP: 6/10
  2490 | D:3      | Found a sparkling altar of Nemelex Xobeh.
  2538 | D:3      | Found a bloodstained altar of Trog.
  2605 | D:3      | Noticed a wizard
  2609 | D:3      | Killed a wizard
  2777 | D:4      | Found a burning altar of Makhleb.
  2805 | D:4      | Found a shattered altar of Ashenzari.
  2847 | D:4      | Reached XP level 7. HP: 9/45 MP: 4/12
  2855 | D:4      | Learned a level 5 spell: Blade Hands
  3237 | D:4      | Reached skill level 4 in Stealth
  3273 | D:4      | Found a bloodstained altar of Trog.
  3277 | D:4      | Found an opulent altar of Gozag.
  3277 | D:4      | Found a radiant altar of Vehumet.
  3277 | D:4      | Found a hide-covered altar of Uskayaw.
  3339 | D:4      | Reached skill level 1 in Poison Magic
  3944 | D:5      | Entered Level 5 of the Dungeon
  3946 | D:5      | Noticed Menkaure
  4083 | D:5      | Killed Menkaure
  4083 | D:5      | Reached skill level 5 in Stealth
  4150 | D:5      | Reached skill level 5 in Unarmed Combat
  4150 | D:5      | Reached XP level 8. HP: 24/51 MP: 6/13
  4212 | D:5      | Noticed Edmund
  4267 | D:5      | Killed Edmund
  4518 | D:5      | Found a bloodstained altar of Trog.
  5416 | D:7      | Found a staircase to the Ecumenical Temple.
  5428 | Temple   | Entered the Ecumenical Temple
  5463 | Temple   | Became a worshipper of Cheibriados the Contemplative
  5588 | D:7      | Reached skill level 6 in Stealth
  5706 | D:7      | Found a flagged portal.
  5802 | D:7      | HP: 1/52 [wight/+4 short sword of freezing (2)]
  5812 | D:7      | Slain by a wight

Levels and vault maps discovered:
D:1:      lemuel_arrival_lava_pool, layout_basic
D:2:      layout_basic, elyvilon_altar_1
D:3:      layout_rooms, nemelex_xobeh_ov_fountains_minmay, trog_wizard
D:4:      minmay_chambers_of_fours, layout_loops_cross,
          nicolae_overflow_crystal_walls, grunt_temple_overflow_open,
          lightli_temple_of_fire
D:5:      layout_layer_cave, first_ration, trog_three_pillars_becter,
          uniq_menkaure, uniq_edmund
D:6:      layout_basic, enter_ossuary_4
D:7:      layout_rooms, minmay_temple_entry_overgrown, enter_bailey_3
Temple:   nicolae_temple_great_sept

Skill      XL: |  1  2  3  4  5  6  7  8 |
---------------+-------------------------+-----
Stealth        | 2 3 5 6 |  6.4
Unarmed Combat | 4 5 |  5.3
Transmutations | 3 4 |  4.3
Spellcasting   | 3 4 |  4.1
Fighting       | 2 3 |  3.3
Dodging        | 3 |  3.9
Poison Magic   | 2 4 |  4.0

Action                   |  1- 3 |  4- 6 |  7- 9 || total
-------------------------+-------+-------+-------++-------
Melee: Unarmed           |    57 |    89 |   169 ||   315
       Constrict         |    13 |     4 |    10 ||    27
       Kick              |     5 |       |     1 ||     6
       Tentacles         |     3 |     5 |     7 ||    15
       Punch             |     2 |       |     2 ||     4
       Dagger            |       |    24 |     4 ||    28
Throw: Dart              |       |       |     8 ||     8
 Cast: Beastly Appendage |     6 |       |     3 ||     9
       Spider Form       |     4 |    18 |    21 ||    43
       Sticks to Snakes  |     1 |     3 |    26 ||    30
  Use: Potion            |       |     2 |     7 ||     9
       Scroll            |       |     5 |     2 ||     7
 Stab: Sleeping          |     3 |     5 |     6 ||    14
       Distracted        |       |     1 |     2 ||     3
  Eat: Chunk             |       |     5 |     5 ||    10
       Ration            |       |     1 |     3 ||     4
Armor: Skin              |     3 |     4 |     8 ||    15
Dodge: Dodged            |    42 |    81 |   142 ||   265

Table legend:
 A = Non-vault XP
 B = Vault XP
 C = Vault XP percentage of total XP
 D = Non-vault monster count
 E = Vault monster count
 F = Vault count percentage of total count
                 A         B        C        D         E       F
            +---------+---------+-------+---------+---------+-------
      Total |    1724 |     317 |  15.5 |     115 |      10 |   8.0
            +---------+---------+-------+---------+---------+-------
        D:1 |      51 |       0 |   0.0 |      26 |       0 |   0.0
        D:2 |     142 |       0 |   0.0 |      20 |       0 |   0.0
        D:3 |     155 |       0 |   0.0 |      22 |       0 |   0.0
        D:4 |     569 |      21 |   3.6 |      23 |       4 |  14.8
        D:5 |     163 |     292 |  64.2 |       8 |       2 |  20.0
        D:6 |     273 |       0 |   0.0 |       8 |       0 |   0.0
        D:7 |     371 |       4 |   1.1 |       8 |       4 |  33.3
            +---------+---------+-------+---------+---------+-------
